 Dungeon Crawl Stone Soup version 0.29-a0-982-gaed3a0c8d8 (webtiles) character file.

Game seed: 379555748783591048

3168 night the Destroyer (level 10, 0/69 HPs)
             Began as a Meteoran Conjurer on Aug 1, 2022.
             Was an Initiate of Ashenzari.
             Slain by a killer bee (8 damage)
             ... on level 7 of the Dungeon.
             The game lasted 00:16:58 (3806 turns).

night the Destroyer (Meteoran Conjurer)             Turns: 3806, Time: 00:16:58

Health: 0/69       AC:  4    Str: 10    XL:     10   Next: 38%
Magic:  19/34      EV: 16    Int: 23    God:    Ashenzari [......]
Gold:   138        SH:  0    Dex: 15    Spells: 19/30 levels left

rFire   + . .      SeeInvis .   i - +7 flail of the Original Sin {vorpal, Dex+2}
rCold   . . .      Faith    .   (no shield)
rNeg    . . .      Spirit   .   t - +1 robe {rF+}
rPois   .          Reflect  .   (no helmet)
rElec   .          Harm     .   (no cloak)
rCorr   .          Rampage  .   (no gloves)
Will    +....                   k - +0 pair of boots of the Shackled Jealousy {Fort, Elem} (curse)
Stlth   +.........              z - amulet of regeneration
HPRegen 1.01/turn               w - ring of magical power
MPRegen 0.24/turn               x - +4 ring of evasion

@: lethally poisoned (0 -> -1), glowing
A: sense surroundings 2, otherworldly, glowing, explore regen
a: Renounce Religion, Shatter the Chains


You were on level 7 of the Dungeon.
You worshipped Ashenzari.
Ashenzari was noncommittal.
You visited 2 branches of the dungeon, and saw 8 of its levels.

You collected 257 gold pieces.
You spent 119 gold pieces at shops.

Inventory:

Hand Weapons
 i - the +7 flail of the Original Sin (weapon) {vorpal, Dex+2}
   (You found it on level 2 of the Dungeon)

   It inflicts extra damage upon your enemies.
   Dex:       It affects your dexterity (+2).
 n - a +2 falchion of holy wrath
Missiles
 c - 51 stones
 d - 7 boomerangs
 g - 3 throwing nets
Armour
 a - a +0 robe
 k - the cursed +0 pair of boots of the Shackled Jealousy (worn) {Fort, Elem}
   (You found it on level 2 of the Dungeon)

   It has a curse which improves the following skills: Fortitude: Armour and
   Shields.
   Elements:  Fire Magic, Ice Magic, Air Magic and Earth Magic.
 t - a +1 robe of fire resistance (worn)
 v - the +1 robe "Wuicab" {*Corrode rF+ Str+2 Stlth+}
   (You bought it in a shop on level 2 of the Dungeon)

   Str:       It affects your strength (+2).
   rF:        It protects you from fire.
   *Corrode:  It may corrode you when you take damage.
   Stlth:     It makes you more stealthy.
Jewellery
 w - a ring of magical power (left hand)
 x - a +4 ring of evasion (right hand)
 z - an amulet of regeneration (around neck)
Wands
 l - a wand of paralysis (3)
 s - a wand of flame (5)
Scrolls
 m - a scroll of fog {unknown}
 r - 3 scrolls of identify
 u - a scroll of enchant armour {unknown}
 y - 3 scrolls of poison {unknown}
 A - 2 scrolls of enchant weapon {unknown}
 B - a scroll of teleportation
 C - a scroll of summoning
Potions
 b - a potion of magic
 e - 3 potions of curing {unknown}
 f - a potion of cancellation
 h - a potion of attraction {unknown}
 j - a potion of heal wounds {unknown}
 o - a potion of lignification {unknown}
 p - a potion of brilliance {unknown}
 q - a potion of ambrosia {unknown}
 D - a potion of mutation {unknown}


   Skills:
 - Level 2.4 Dodging
 - Level 1.4 Stealth
 + Level 10.9 Spellcasting
 + Level 12.3 Conjurations
 - Level 3.0 Hexes
 - Level 3.0 Translocations


You had 19 spell levels left.
You knew the following spells:

 Your Spells              Type           Power      Damage    Failure   Level
a - Magic Dart            Conj           100%       1d8       1%          1
b - Searing Ray           Conj           100%       2d8       1%          2
c - Fulminant Prism       Conj/Hex       23%        3d13      2%          4
d - Iskenderun's Mystic   Conj/Tloc      47%        2d10      2%          4

Your spell library contained the following spells:

 Spells                   Type           Power      Damage    Failure   Level
 Dazzling Flash           Conj/Hex       94%        N/A       1%          3
 Gell's Gravitas          Tloc           26%        N/A       4%          3
 Teleport Other           Tloc           26%        N/A       4%          3
 Passage of Golubria      Tloc           26%        N/A       16%         4
 Silence                  Hex/Air        9%         N/A       58%         5
 Summon Forest            Summ/Tloc      9%         N/A       61%         5
 Dispersal                Tloc           13%        N/A       93%         6
 Eringya's Noxious Bog    Tmut/Pois      6%         N/A       100%        6
 Summon Hydra             Summ           6%         N/A       100%        7
 Lehudib's Crystal Spear  Conj/Erth      20%        10d6      100%        8


Dungeon Overview and Level Annotations

Branches:
Dungeon (7/15) Zot: 576    Temple (1/1) D:6 Zot: 385

Altars:
Ashenzari
Cheibriados
Dithmenos
Elyvilon
Hepliaklqana
Kikubaaqudgha
Makhleb
Nemelex Xobeh
Okawaru
Qazlal
Ru
Sif Muna
Trog
Uskayaw
Vehumet
Wu Jian
Xom
Yredelemnul
Zin
The Shining One

Shops:
D:2 [   D:5 (


Innate Abilities, Weirdness & Mutations

You passively map the area around you.
You are easily found by Zot.
You glow in the dark.
You regain HP and MP as you explore.


Message History

The searing ray hits the killer bee!
You kill the killer bee!
Things that are here:
a killer bee corpse; a killer bee corpse
Things that are here:
a killer bee corpse; a killer bee corpse The killer bee stings you but does no damage.
The killer bee closely misses you.
You hit the killer bee but do no damage.
The killer bee barely misses you.
The killer bee stings you but does no damage. x2
You closely miss the killer bee. The killer bee barely misses you.
The killer bee closely misses you. The killer bee stings you.
You thump the killer bee!
The killer bee is heavily wounded.
The killer bee stings you. The killer bee barely misses you.
The killer bee misses you.
You closely miss the killer bee.
The killer bee is heavily wounded.
The killer bee misses you. The killer bee completely misses you.
The killer bee stings you but does no damage.
You hit the killer bee.
The killer bee is severely wounded.
The killer bee misses you. The killer bee stings you!
* * * LOW HITPOINT WARNING * * *
You miss the killer bee.
The killer bee is severely wounded.
The killer bee stings you but does no damage.
The killer bee stings you.
* * * LOW HITPOINT WARNING * * *
You are poisoned.
The killer bee poisons you! The killer bee misses you.
You closely miss the killer bee.
The killer bee is severely wounded.
You feel very sick.
The killer bee stings you but does no damage.
The killer bee stings you.
* * * LOW HITPOINT WARNING * * *
The killer bee stings you!
You die...

* * * , * * ,,*.. * ****
* .# #* , ** , .# . *
##. ####*, *, , *, * ,
#.. ##... * # ,* ,*
*#.#* #..# ,,,, ** ,*
.###.##.#####.##########
,,
.......@....††.........#
* * ,,
.....†.y.#############..
,, * ,####...### ###
#...,** * ...#. ,,, ,
,,,...##. * * * * ** * ,
....*.. * , ,, , ,* ,
... .. * * , ,, ,,


You could see a killer bee.

Vanquished Creatures
  Pikel (D:4)
  Grinder (D:5)
  Sigmund (D:3)
  Eustachio (D:6)
  A water moccasin (D:6)
  An orc warrior (D:6)
  2 black bears
  A sky beast (D:5)
  2 lemures (D:4)
  A centaur (D:6)
  A bullfrog (D:7)
  2 scorpions
  2 necrophages (D:5)
  10 killer bees (D:7)
  2 gnoll boudas (D:6)
  4 hounds
  3 jellies
  4 orc priests
  2 iguanas
  Terence (D:3)
  6 orc wizards
  5 adders
  14 gnolls
  2 white imps
  A dart slug (D:1)
  17 orcs
  2 bats
  13 endoplasms
  A giant cockroach (D:2)
  3 goblins (D:1)
  4 hobgoblins
  11 jackals
  4 quokkas
  5 ball pythons
  2 frilled lizards
  13 kobolds
  2 rats
148 creatures vanquished.

Vanquished Creatures (others)
  10 fulminant prisms
  7 fungi (D:2)
  6 toadstools (D:2)
23 creatures vanquished.

Grand Total: 171 creatures vanquished

Notes
Turn   | Place    | Note
-------+----------+-------------------------------------------
     0 | D:1      | night the Meteoran Conjurer began the quest for the Orb.
     0 | D:1      | Reached XP level 1. HP: 14/14 MP: 5/5
    49 | D:1      | Reached skill level 5 in Conjurations
    49 | D:1      | Reached XP level 2. HP: 20/20 MP: 1/7
    71 | D:1      | Learned a level 2 spell: Searing Ray
   116 | D:1      | Reached XP level 3. HP: 18/26 MP: 0/9
   334 | D:2      | Identified the +7 flail of the Original Sin {vorpal, Dex+2}
   449 | D:2      | Found Pomimmoch's Antique Armour Boutique.
   456 | D:2      | Reached XP level 4. HP: 33/33 MP: 8/10
   804 | D:2      | Reached skill level 6 in Conjurations
   804 | D:2      | Reached XP level 5. HP: 29/38 MP: 6/12
   934 | D:3      | Learned a level 4 spell: Fulminant Prism
   939 | D:3      | Learned a level 4 spell: Iskenderun's Mystic Blast
  1018 | D:3      | Noticed Sigmund
  1021 | D:3      | Killed Sigmund
  1022 | D:3      | Reached skill level 5 in Spellcasting
  1022 | D:3      | Reached skill level 1 in Hexes
  1022 | D:3      | Reached skill level 1 in Translocations
  1022 | D:3      | Reached XP level 6. HP: 45/45 MP: 8/15
  1067 | D:3      | Noticed Terence
  1164 | D:3      | Killed Terence
  1165 | D:3      | Reached skill level 2 in Hexes
  1165 | D:3      | Reached skill level 2 in Translocations
  1165 | D:3      | Reached XP level 7. HP: 47/50 MP: 6/16
  1726 | D:4      | Reached skill level 7 in Conjurations
  1856 | D:4      | Noticed Pikel
  1868 | D:4      | Killed Pikel
  1869 | D:4      | Reached skill level 8 in Conjurations
  1869 | D:4      | Reached XP level 8. HP: 11/57 MP: 3/18
  2110 | D:5      | Entered Level 5 of the Dungeon
  2131 | D:5      | Reached skill level 9 in Conjurations
  2408 | D:2      | Bought a fabulously ornate robe for 119 gold pieces
  2408 | D:2      | Identified the +1 robe "Wuicab" {*Corrode rF+ Str+2 Stlth+}
                  | (You bought it in a shop on level 2 of the Dungeon)
  2491 | D:5      | Noticed Grinder
  2499 | D:5      | Killed Grinder
  2500 | D:5      | Gained mutation: You passively map the area around you.
                  | [Meteoran growth]
  2500 | D:5      | Reached XP level 9. HP: 62/62 MP: 7/22
  2565 | D:5      | Found a glowing golden altar of the Shining One.
  2590 | D:5      | Found a bloodstained altar of Trog.
  2708 | D:5      | Reached skill level 10 in Conjurations
  2807 | D:5      | HP: 7/62 [black bear (10)]
  2821 | D:5      | Found Fior's Antique Weapon Shop.
  2863 | D:6      | Noticed Eustachio
  2879 | D:6      | Killed Eustachio
  2921 | D:6      | Reached skill level 11 in Conjurations
  2942 | D:6      | Found a staircase to the Ecumenical Temple.
  2957 | Temple   | Entered the Ecumenical Temple
  3146 | Temple   | Became a worshipper of Ashenzari the Shackled
  3238 | D:6      | Reached XP level 10. HP: 43/69 MP: 15/24
  3301 | D:6      | Reached skill level 10 in Spellcasting
  3410 | D:6      | Found a burning altar of Makhleb.
  3686 | D:6      | Glimpsed the power of Zot.
  3787 | D:7      | Reached skill level 12 in Conjurations
  3806 | D:7      | HP: 8/69 [killer bee (3)]
  3806 | D:7      | Slain by a killer bee

Illustrated notes

Levels and vault maps discovered:
D:1:      doesnt_arrival_eight_statues, layout_basic, basic_ecumenical_altar
D:2:      cheibrodos_fertilizer, layout_basic, serial_shops, shop
D:3:      layout_basic, uniq_sigmund, uniq_terence
D:4:      layout_rooms, uniq_pikel
D:5:      layout_basic, mainiacjoe_overflow_two_lobes, serial_shops,
          nicolae_shop_window_shopping, uniq_prince_ribbit1, uniq_grinder
D:6:      layout_loops_ring, mainiacjoe_overflow_alcove_4,
          minmay_temple_entry_mist, uniq_eustachio
D:7:      layout_rooms, lemuel_old_faithful, uniq_menkaure
Temple:   minmay_crystal_spiral_temple

Skill      XL: |  1  2  3  4  5  6  7  8  9 10 |
---------------+-------------------------------+-----
Spellcasting   | 3 4 5 6 8 9 10 | 10.9
Conjurations   | 5 6 8 9 11 12 | 12.3
Hexes          | 1 2 3 |  3.0
Translocations | 1 2 3 |  3.0
Dodging        | |  2.4
Stealth        | |  1.4

Action                   |  1- 3 |  4- 6 |  7- 9 | 10-12 || total
-------------------------+-------+-------+-------+-------++-------
Melee: Unarmed           |     1 |       |       |       ||     1
       Flail             |     3 |    12 |    39 |    14 ||    68
       Punch             |       |       |       |     1 ||     1
 Cast: Magic Dart        |    33 |    22 |    68 |    11 ||   134
       Searing Ray       |     2 |    10 |    25 |     8 ||    45
       Fulminant Prism   |       |     1 |     5 |     4 ||    10
       Iskenderun's Myst |       |       |     2 |     4 ||     6
Invok: Curse Item        |       |       |       |     1 ||     1
  Use: Scroll            |     1 |     2 |       |       ||     3
Armor: Robe              |     2 |     5 |    22 |    10 ||    39
Dodge: Dodged            |    12 |    18 |    42 |    39 ||   111

Table legend: (Time is in decaauts)
 A = Elapsed time spent in this place.
 B = Non-inter-level travel time spent in this place.
 C = Inter-level travel time spent in this place.
 D = Time resting spent in this place.
 E = Time spent auto-exploring this place.
 F = Levels seen in this place.
 G = Mean time per level.
                   A        B        C        D        E       F      G
               +--------+--------+--------+--------+--------+-----+--------+
         Total |   3836 |   3448 |    388 |     55 |   2323 |   8 |  479.5 |
       Dungeon |   3622 |   3320 |    302 |     55 |   2211 |   7 |  517.4 |
        Temple |    214 |    128 |     86 |      0 |    112 |   1 |  214.0 |
               +--------+--------+--------+--------+--------+-----+--------+

Top non-repeatable levels by time:
     D:3: 792 daAuts
     D:6: 681 daAuts
     D:5: 664 daAuts
     D:2: 623 daAuts
     D:4: 472 daAuts
     D:1: 312 daAuts
  Temple: 214 daAuts
     D:7: 75 daAuts
